 Dungeon Crawl Stone Soup version 0.22.1 (webtiles) character file.

26 sbiou the Skirmisher (level 3, 0/35 HPs)
             Began as a Gnoll Wanderer on Sept 17, 2018.
             Succumbed to an adder's poison
             ... on level 1 of the Dungeon.
             The game lasted 00:04:15 (843 turns).

sbiou the Skirmisher (Gnoll Wanderer)                Turns: 843, Time: 00:04:16

Health: 0/35       AC:  5    Str: 12    XL:     3   Next: 8%
Magic:  7/9        EV: 10    Int: 18    God:
Gold:   65         SH:  0    Dex: 13    Spells: 12/12 levels left

rFire    + . .     SeeInvis .   p - +0 hand axe
rCold    + . .     Gourm    .   (no shield)
rNeg     . . .     Faith    .   h - +0 ring mail
rPois    .         Spirit   .   (no helmet)
rElec    .         Reflect  .   g - scarf {rC+ rF+}
rCorr    .         Harm     .   (no gloves)
MR       .....                  (no boots)
Stlth    +.........             (no amulet)
HPRegen  0.11/turn              (no ring)
MPRegen  0.11/turn              (no ring)

@: lethally poisoned (0 -> -4)
A: distributed training, fangs 1, strong nose
a: no special abilities


You were on level 1 of the Dungeon.
You were not hungry.

You visited 1 branch of the dungeon, and saw 2 of its levels.

You collected 65 gold pieces.

Inventory:

Hand Weapons
 e - a +0 hunting sling
 p - a +0 hand axe (weapon)
Armour
 g - a scarf of resistance (worn)
 h - a +0 ring mail (worn)
Wands
 b - a wand of random effects (15)
Scrolls
 a - 3 scrolls of identify
Potions
 j - a potion of brilliance
Comestibles
 f - 4 rations


   Skills:
 + Level 6.5 Fighting
 + Level 0.6 Short Blades
 + Level 0.6 Long Blades
 + Level 0.6 Axes
 + Level 0.6 Maces & Flails
 + Level 0.6 Polearms
 + Level 0.6 Staves
 + Level 0.6 Slings
 + Level 0.6 Bows
 + Level 0.6 Crossbows
 + Level 0.6 Throwing
 + Level 0.6 Armour
 + Level 0.6 Dodging
 + Level 2.3 Stealth
 + Level 0.6 Shields
 + Level 0.6 Unarmed Combat
 + Level 5.0 Spellcasting
 + Level 0.4 Conjurations
 + Level 0.4 Hexes
 + Level 0.4 Charms
 + Level 0.4 Summonings
 + Level 0.4 Necromancy
 + Level 3.7 Translocations
 + Level 0.4 Transmutations
 + Level 0.4 Fire Magic
 + Level 0.4 Ice Magic
 + Level 2.1 Air Magic
 + Level 0.4 Earth Magic
 + Level 0.4 Poison Magic
 + Level 0.8 Invocations
 + Level 2.5 Evocations


You had 12 spell levels left.
You didn't know any spells.
Your spell library contained the following spells:

 Spells                   Type           Power        Failure   Level  Hunger
 Blink                    Tloc           N/A          10%         2    #......
 Magic Dart               Conj           #...         26%         1    None
 Call Imp                 Summ           #.......     36%         2    #......
 Slow                     Hex            #.......     36%         2    #......
 Mephitic Cloud           Conj/Pois/Air  #.......     52%         3    ##.....
 Conjure Flame            Conj/Fire      #.......     58%         3    ##.....


Dungeon Overview and Level Annotations

Branches:
Dungeon (2/15)

Altars:

Annotations:
D:2 Sigmund


Innate Abilities, Weirdness & Mutations

Your experience applies equally to all skills.
You have very sharp teeth.
Your uncanny sense of smell can sniff out nearby items.


Message History

Your Spellcasting skill increases to level 5!
You have reached level 3!
Your experience leads to an increase in your attributes!
Increase (S)trength, (I)ntelligence, or (D)exterity?
You feel stronger.
You miss the adder. The adder bites you but does no damage.
You barely miss the adder.
* * * LOW HITPOINT WARNING * * *
You feel sick. The adder completely misses you. The adder barely misses you.
You hit the adder.
The adder is heavily wounded.
* * * LOW HITPOINT WARNING * * *
You feel sick. The adder bites you but does no damage.
The adder barely misses you.
You barely miss the adder.
The adder is heavily wounded.
The adder bites you but does no damage. The adder closely misses you.
You hit the adder.
The adder is almost dead.
You die...

############# ######
#....##.....######### #.....
#....##.....#.......#####.....
#............@..........+.....
#............†S.......###.....
#.............................
#.............................
#.............................
#........#.................###
#........................♣.≈..
#).......................≈≈≈≈.
#...#####................♣♣♣..


You could see an adder.

Vanquished Creatures
  An adder (D:1)
  A dart slug (D:1)
  3 giant cockroaches (D:1)
  A hobgoblin (D:1)
  2 bats (D:1)
  2 frilled lizards (D:1)
  5 goblins (D:1)
15 creatures vanquished.

Notes
Turn   | Place    | Note
-------+----------+-------------------------------------------
     0 | D:1      | sbiou the Gnoll Wanderer began the quest for the Orb.
     0 | D:1      | sbiou set off with: a wand of random effects (15), a +0
                  | robe, a +0 dagger, a ration
     0 | D:1      | Reached XP level 1. HP: 23/23 MP: 6/6
   174 | D:1      | Reached XP level 2. HP: 16/29 MP: 7/7
   768 | D:2      | Noticed Sigmund
   839 | D:1      | Reached skill level 5 in Spellcasting
   839 | D:1      | Reached XP level 3. HP: 3/35 MP: 7/9
   841 | D:1      | HP: 1/35 [poisoned by an adder]
   843 | D:1      | Succumbed to an adder's poison

Skill      XL: |  1  2 |
---------------+-------+-----
Air Magic      | 2 |  2.1
Spellcasting   | 5 |  5.0
Fighting       | |  6.5
Short Blades   | |  0.6
Long Blades    | |  0.6
Axes           | |  0.6
Maces & Flails | |  0.6
Polearms       | |  0.6
Staves         | |  0.6
Slings         | |  0.6
Bows           | |  0.6
Crossbows      | |  0.6
Throwing       | |  0.6
Armour         | |  0.6
Dodging        | |  0.6
Stealth        | |  2.3
Shields        | |  0.6
Unarmed Combat | |  0.6
Conjurations   | |  0.4
Hexes          | |  0.4
Charms         | |  0.4
Summonings     | |  0.4
Necromancy     | |  0.4
Translocations | |  3.7
Transmutations | |  0.4
Fire Magic     | |  0.4
Ice Magic      | |  0.4
Earth Magic    | |  0.4
Poison Magic   | |  0.4
Invocations    | |  0.8
Evocations     | |  2.5

Action                   || total
-------------------------++-------
Melee: Dagger            ||    64
       Bite              ||     6
       Hand axe          ||    12
  Use: Scroll            ||     3
       Potion            ||     3
 Stab: Sleeping          ||     3
Armor: Robe              ||    12
       Ring mail         ||    11
Dodge: Dodged            ||    44
